 Dungeon Crawl Stone Soup version 0.31.0-11-ge490571c62 (webtiles) character file.

Game seed: 5845166893464142531

63 solopath the Grasshopper (level 4, 0/38 HPs)
             Began as a Gnoll Warper on Jan 27, 2024.
             Succumbed to an adder's poison
             ... on level 2 of the Dungeon.
             The game lasted 00:02:04 (1771 turns).

solopath the Grasshopper (Gnoll Warper)             Turns: 1771, Time: 00:02:04

Health: 0/38       AC:  3    Str: 10    XL:     4   Next: 10%
Magic:  11/11      EV: 12    Int: 15    God:
Gold:   95         SH:  0    Dex: 11    Spells: 11/13 levels left

rFire   . . .        a - +0 spear
rCold   . . .        (no shield)
rNeg    . . .        b - +0 leather armour
rPois   .            (no helmet)
rElec   .            (no cloak)
rCorr   .            (no gloves)
SInv    .            (no boots)
Will    .....        (no amulet)
Stlth   +            (no ring)
HPRegen 0.26/turn    (no ring)
MPRegen 0.12/turn

%: no passive effects
@: brilliant, lethally poisoned (0 -> -1), on berserk cooldown, slowed, very
slow
A: fangs 1, strong nose, distributed training
a: no special abilities


You were on level 2 of the Dungeon.
You visited 1 branch of the dungeon, and saw 2 of its levels.

You collected 95 gold pieces.

Inventory:

Hand Weapons
 a - a +0 spear (weapon)
Missiles
 d - 7 darts of dispersal (quivered)
Armour
 b - a +0 leather armour (worn)
Scrolls
 c - a scroll of blinking
 j - 2 scrolls of identify
 k - 2 scrolls of teleportation
 l - a scroll of fog {unknown}
 m - a scroll of fear {unknown}
 n - a scroll of poison {unknown}
 o - a scroll of immolation {unknown}
 p - a scroll of revelation {unknown}
Potions
 g - a potion of brilliance
 h - a potion of magic


   Skills:
 + Level 4.6 Fighting
 + Level 1.1 Short Blades
 + Level 1.1 Long Blades
 + Level 1.1 Axes
 + Level 1.1 Maces & Flails
 + Level 4.6 Polearms
 + Level 1.1 Staves
 + Level 1.1 Ranged Weapons
 + Level 2.7 Throwing
 + Level 2.7 Armour
 + Level 4.6 Dodging
 + Level 1.1 Stealth
 + Level 1.1 Shields
 + Level 1.1 Unarmed Combat
 + Level 5.0 Spellcasting
 + Level 0.8 Conjurations
 + Level 0.8 Hexes
 + Level 0.8 Summonings
 + Level 0.8 Necromancy
 + Level 5.4 Translocations
 + Level 0.8 Fire Magic
 + Level 0.8 Ice Magic
 + Level 0.8 Air Magic
 + Level 0.8 Earth Magic
 + Level 0.8 Alchemy
 + Level 1.2 Invocations
 + Level 1.1 Evocations
 + Level 1.0 Shapeshifting


You had 11 spell levels left.
You knew the following spells:

 Your Spells              Type           Power      Damage    Failure   Level
a - Blink                 Tloc           60%        N/A       3%          2

Your spell library contained the following spells:

 Spells                   Type           Power      Damage    Failure   Level
 Lesser Beckoning         Tloc           60%        N/A       3%          2
 Teleport Other           Tloc           30%        N/A       7%          3
 Manifold Assault         Tloc           30%        N/A       22%         4
 Tukima's Dance           Hex            9%         N/A       41%         3
 Dimensional Bullseye     Hex/Tloc       10%        N/A       50%         4
 Iskenderun's Mystic Bla  Conj/Tloc      20%        2d6       50%         4
 Vhi's Electric Charge    Tloc/Air       40%        N/A       50%         4
 Summon Mana Viper        Hex/Summ       9%         N/A       99%         5
 Malign Gateway           Summ/Tloc      10%        N/A       100%        7
 Summon Horrible Things   Summ           4%         N/A       100%        8


Dungeon Overview and Level Annotations

Branches:
Dungeon (2/15)

Altars:
Gozag


Innate Abilities, Weirdness & Mutations

You have very sharp teeth.
Your uncanny sense of smell can sniff out nearby items.
Your experience applies equally to all skills.


Message History

The adder is heavily wounded.
You feel sick.
You hit the adder.
The adder is severely wounded.
You feel sick. The adder bites you.
* * * LOW HITPOINT WARNING * * *
You barely miss the adder. Your bite misses the adder.
The adder is severely wounded.
* * * LOW HITPOINT WARNING * * *
You feel sick. The adder closely misses you.
Unknown command.
You hit the adder.
You kill the adder!
* * * LOW HITPOINT WARNING * * *
You feel sick.
Your Shapeshifting skill increases to level 1!
You have reached level 4!
You feel clever.
Unknown command.
You start resting.
* * * LOW HITPOINT WARNING * * *
You feel sick.
You start resting.
You feel a strong urge to attack something.
You feel sick.
You feel sick.
You feel your anger nearly subside.
You are no longer berserk.
You are exhausted.
You feel yourself slow down.
* * * LOW HITPOINT WARNING * * *
You feel sick.
* * * LOW HITPOINT WARNING * * *
You feel sick.
Okay, then.
As you read the scroll labelled DUYNAD DIOSOFF, it crumbles to dust.
It is a scroll of identify.
k - 2 scrolls of teleportation
* * * LOW HITPOINT WARNING * * *
You feel sick.
You die...

############.## ###.....##.#...
........# #..#####........#.##.#
........# ##..............+.....
........# ######.........#..#..
........# ##....###.......
........## ####...###..##.
.........# ######### ###.# #..##.
.........# #.#.#...# #.# #)....
####.....# ##.#†@#..# #.# #.####
#.....###.#..###..# #.# #.#
#.......##..##.##.[##.# #.####
###+###.#..##...##..#.###'##..
#.....#...†....##...##......
#.##..#..##...##.†#..+......
#########..##..##.##..##..#......
...........#.#..###..#.#..#......
##########.##†#..#..#.##..#......


There were no monsters in sight!

Vanquished Creatures
  4 adders (D:2)
  2 ribbon worms (D:2)
  A ball python (D:1)
  3 endoplasms (D:2)
  2 giant cockroaches
  A hobgoblin (D:1)
  2 jackals (D:1)
  A kobold (D:2)
  A quokka (D:2)
  2 bats (D:2)
  2 frilled lizards (D:2)
  2 rats
23 creatures vanquished.

Notes
Turn   | Place    | Note
-------+----------+-------------------------------------------
     0 | D:1      | solopath the Gnoll Warper began the quest for the Orb.
     0 | D:1      | Reached XP level 1. HP: 20/20 MP: 6/6
   423 | D:1      | Got the Lessons on the Union
   501 | D:1      | Reached XP level 2. HP: 23/26 MP: 7/7
   818 | D:2      | Found an opulent altar of Gozag.
  1068 | D:2      | Found a faded altar of an unknown god.
  1078 | D:2      | Reached skill level 5 in Spellcasting
  1078 | D:2      | Reached XP level 3. HP: 20/31 MP: 7/9
  1195 | D:2      | Reached skill level 1 in Invocations
  1400 | D:2      | Reached skill level 1 in Short Blades
  1400 | D:2      | Reached skill level 1 in Long Blades
  1400 | D:2      | Reached skill level 1 in Axes
  1400 | D:2      | Reached skill level 1 in Maces & Flails
  1400 | D:2      | Reached skill level 1 in Staves
  1400 | D:2      | Reached skill level 1 in Ranged Weapons
  1400 | D:2      | Reached skill level 1 in Stealth
  1400 | D:2      | Reached skill level 1 in Shields
  1400 | D:2      | Reached skill level 1 in Unarmed Combat
  1400 | D:2      | Reached skill level 1 in Evocations
  1738 | D:2      | Learned a level 2 spell: Blink
  1748 | D:2      | HP: 1/31 [poisoned by an adder]
  1765 | D:2      | Reached skill level 1 in Shapeshifting
  1765 | D:2      | Reached XP level 4. HP: 9/38 MP: 11/11
  1770 | D:2      | HP: 1/38 [poisoned by an adder]
  1771 | D:2      | Succumbed to an adder's poison

Illustrated notes

Levels and vault maps discovered:
D:1:      minmay_arrival_four_houses, layout_basic
D:2:      minmay_diamond_boxcup, layout_basic, ebering_ecumenical_altar_rust,
          basic_altar, dk_noncrumbling_2

Skill      XL: |  1  2  3 |
---------------+----------+-----
Spellcasting   | 5 |  5.0
Invocations    | 1 |  1.2
Short Blades   | 1 |  1.1
Long Blades    | 1 |  1.1
Axes           | 1 |  1.1
Maces & Flails | 1 |  1.1
Staves         | 1 |  1.1
Ranged Weapons | 1 |  1.1
Stealth        | 1 |  1.1
Shields        | 1 |  1.1
Unarmed Combat | 1 |  1.1
Evocations     | 1 |  1.1
Shapeshifting  | 1 |  1.0
Fighting       | |  4.6
Polearms       | |  4.6
Throwing       | |  2.7
Armour         | |  2.7
Dodging        | |  4.6
Conjurations   | |  0.8
Hexes          | |  0.8
Summonings     | |  0.8
Necromancy     | |  0.8
Translocations | |  5.4
Fire Magic     | |  0.8
Ice Magic      | |  0.8
Air Magic      | |  0.8
Earth Magic    | |  0.8
Alchemy        | |  0.8

Action                     |  1- 3 |  4- 6 || total
---------------------------+-------+-------++-------
  Melee: Spear             |   154 |       ||   154
         Bite              |    15 |       ||    15
         Punch             |     1 |       ||     1
    Use: Potion            |     6 |       ||     6
         Scroll            |       |     1 ||     1
   Stab: Sleeping          |     7 |       ||     7
 Armour: Leather armour    |    65 |       ||    65
  Dodge: Dodged            |    71 |       ||    71
